 Dungeon Crawl Stone Soup version 0.21.1-1-g345015f (webtiles) character file.

1129 shakethe the Chopper (level 8, -1/64 HPs)
             Began as a Formicid Fighter on Feb 23, 2018.
             Was an Initiate of Okawaru.
             Slain by a killer bee (3 damage)
             ... on level 6 of the Dungeon.
             The game lasted 00:07:39 (5406 turns).

shakethe the Chopper (Formicid Fighter)             Turns: 5406, Time: 00:07:40

Health: -1/64      AC:  7    Str: 20    XL:     8   Next: 62%
Magic:  8/8        EV:  8    Int: 11    God:    Okawaru [......]
Gold:   321        SH: 10    Dex: 10    Spells: 7/7 levels left

rFire    . . .     SeeInvis +   a - +0 war axe
rCold    . . .     Gourm    .   c - +0 shield
rNeg     . . .     Faith    .   b - +0 scale mail
rPois    .         Spirit   .   (helmet unavailable)
rElec    .         Reflect  .   (no cloak)
rCorr    .         Harm     .   (no gloves)
MR       .....                  (no boots)
Stlth    +.........             (no amulet)
HPRegen  0.20/turn              e - ring of flight {+Fly, !d}
MPRegen  0.11/turn              s - ring of stealth {Stlth+}

@: lethally poisoned (-1 -> -6)
A: permanent stasis, dig shafts and tunnels, four strong arms, antennae 3
a: Dig, Shaft Self, Renounce Religion, Evoke Flight


You were on level 6 of the Dungeon.
You worshipped Okawaru.
Okawaru was noncommittal.
You were not hungry.

You visited 2 branches of the dungeon, and saw 7 of its levels.

You collected 321 gold pieces.

Inventory:

Hand Weapons
 a - a +0 war axe (weapon)
Armour
 b - a +0 scale mail (worn)
 c - a +0 shield (worn)
Jewellery
 e - a ring of flight (left hand) {+Fly, !d}
   (You found it on level 4 of the Dungeon)
 s - a ring of stealth (right hand) {Stlth+}
   (You found it on level 5 of the Dungeon)
Wands
 n - a wand of disintegration (15)
   (You took it off Ijyb on level 3 of the Dungeon)
Scrolls
 d - 2 scrolls of noise {unknown}
 g - 2 scrolls of amnesia
 i - a scroll of fog {unknown}
 k - a scroll of enchant armour {unknown}
 m - a scroll of fear {unknown}
 r - 3 scrolls of identify
Potions
 j - a potion of mutation {!q}
 l - 2 potions of curing
 o - 2 potions of haste {unknown}
Books
 h - a book of Frost
   (You found it on level 5 of the Dungeon)
 p - a book of Minor Magic
   (You found it on level 4 of the Dungeon)
 q - a book of Conjurations
   (You found it on level 3 of the Dungeon)
Comestibles
 f - 8 rations


   Skills:
 + Level 5.7 Fighting
 * Level 6.4 Axes
 + Level 5.6 Armour
 + Level 6.3 Shields


You had 7 spell levels left.
You didn't know any spells.

Dungeon Overview and Level Annotations

Branches:
Dungeon (6/15)             Temple (1/1) D:5

Altars:
Ashenzari
Cheibriados
Dithmenos
Elyvilon
Fedhas
Gozag
Hepliaklqana
Makhleb
Nemelex Xobeh
Okawaru
Qazlal
Ru
Sif Muna
Trog
Uskayaw
Vehumet
Wu Jian
Xom
Yredelemnul
Zin
The Shining One


Innate Abilities, Weirdness & Mutations

You cannot be hasted, slowed, berserked, paralysed or teleported.
You can dig through walls and to a lower floor.
Your four strong arms can wield two-handed weapons with a shield.
You have a pair of large antennae on your head. (SInv)


Message History

You closely miss the bullfrog. The bullfrog hits you.
The bullfrog barely misses you.
You closely miss the bullfrog. The bullfrog barely misses you.
You block the bullfrog's attack.
A quokka zombie comes into view.
You miss the bullfrog. You block the bullfrog's attack. x2
The orc wizard casts a cantrip, but nothing happens.
You slash the bullfrog!
You kill the bullfrog!
Okawaru accepts your kill. The orc wizard casts a spell at you.
You block the puff of frost.
You hit the orc wizard.
You kill the orc wizard!
Okawaru accepts your kill.
You hear a distant blaring wail to the north.
The giant cockroach bites you.
You barely miss the giant cockroach. You block the giant cockroach's attack.
You hit the giant cockroach.
You kill the giant cockroach!
Okawaru accepts your kill.
You hit the quokka zombie.
The quokka zombie bites you but does no damage.
You hit the quokka zombie.
You block the quokka zombie's attack. x2
You closely miss the quokka zombie. You block the quokka zombie's attack.
You hit the quokka zombie.
You destroy the quokka zombie!
Okawaru accepts your kill.
Items here: ) [ †† a dagger; a robe; a giant cockroach corpse; a bullfrog corpse
Things that are here:
a club; a mace; an orc corpse You start resting.
A bullfrog comes into view.
You regained 8 hp, and now have 48/64 hp.
The bullfrog croaks.
You hear an angry buzzing noise.
Things that are here:
a club; a mace; an orc corpse The bullfrog hits you!
Items here: ) [ †† a dagger; a robe; a giant cockroach corpse; a bullfrog corpse You take 7 damage, and have 43/64 hp.
You closely miss the bullfrog. The bullfrog hits you.
The bullfrog hits you but does no damage.
You take 5 damage, and have 38/64 hp.
You hit the bullfrog.
The bullfrog hits you but does no damage.
The bullfrog hits you.
You take 3 damage, and have 35/64 hp.
You completely miss the bullfrog.
The bullfrog hits you but does no damage.
A killer bee comes into view.
The killer bee buzzes angrily.
You slash the bullfrog!
The bullfrog hits you but does no damage.
The bullfrog hits you.
You take 4 damage, and have 31/64 hp.
You slash the bullfrog!
You kill the bullfrog!
Okawaru accepts your kill. 2 killer bees come into view.
The killer bee buzzes angrily. x2
You block the killer bee's attack. 2 killer bees come into view.
The killer bee stings you.
Items here: ) [ †† a dagger; a robe; a giant cockroach corpse; a bullfrog corpse You take 5 damage, and have 26/64 hp.
The killer bee stings you!
* * * LOW HITPOINT WARNING * * *
You take 7 damage, and have 19/64 hp.
The killer bee buzzes angrily.
You block the killer bee's attack.
A killer bee comes into view.
Things that are here:
a club; a mace; an orc corpse
Okay, then.
Okay, then.
Okay, then.
Okay, then.
Okay, then.
You extend your mandibles.
The killer bee buzzes angrily.
You block the killer bee's attack. You block the killer bee's attack.
The killer bee barely misses you. You block the killer bee's attack.
The killer bee stings you.
* * * LOW HITPOINT WARNING * * *
You are poisoned.
The killer bee poisons you!
The killer bee stings you but does no damage.
A quokka comes into view.
You take 1 damage, and have 18/64 hp.
You feel sick. The killer bee stings you!
* * * LOW HITPOINT WARNING * * *
You block the killer bee's attack. x2; The killer bee barely misses you.
The killer bee stings you!
* * * LOW HITPOINT WARNING * * *
The killer bee stings you.
You die...

######### #........
##########........
####......yy#........
#.........@yy....r...
#.##......yy#.......y
#.##############.....
#.# .... #.# ... #.#
.. #.# . #.# ### #.#
#<#


You could see 6 killer bees and a quokka.

Vanquished Creatures
  The ghost of shakethe the Shield-Bearer, an amateur FoFi (D:4)
  A phantom (D:5)
  3 ogres
  2 bullfrogs (D:6)
  2 scorpions (D:4)
  A howler monkey (D:5)
  2 orc wizards
  Natasha (thrice) (D:3)
  Ijyb (D:3)
  3 worker ants
  A hound skeleton (D:5)
  Robin (D:3)
  3 adders
  An ooze (D:1)
  2 worms
  2 dart slugs (D:1)
  4 leopard geckos
  16 orcs
  2 ball pythons
  8 bats
  4 giant cockroaches
  14 goblins
  14 hobgoblins
  8 frilled lizards
  A giant cockroach zombie (D:5)
  A jackal skeleton (D:5)
  4 kobolds
  A leopard gecko skeleton (D:5)
  A quokka skeleton (D:4)
  A quokka zombie (D:6)
  4 rats
112 creatures vanquished.

Vanquished Creatures (others)
  4 toadstools (D:1)
4 creatures vanquished.

Grand Total: 116 creatures vanquished

Notes
Turn   | Place    | Note
-------+----------+-------------------------------------------
     0 | D:1      | shakethe the Formicid Fighter began the quest for the Orb.
     0 | D:1      | Reached XP level 1. HP: 18/18 MP: 1/1
    86 | D:1      | Reached XP level 2. HP: 24/24 MP: 2/2
   397 | D:1      | Reached XP level 3. HP: 26/29 MP: 3/3
   425 | D:1      | Reached skill level 4 in Shields
   949 | D:2      | Reached skill level 3 in Axes
   949 | D:2      | Reached XP level 4. HP: 35/37 MP: 4/4
  1484 | D:3      | Reached XP level 5. HP: 28/42 MP: 5/5
  1653 | D:3      | Noticed an ogre
  1665 | D:3      | Killed an ogre
  1665 | D:3      | Reached skill level 4 in Fighting
  1665 | D:3      | Reached skill level 4 in Armour
  1679 | D:3      | Noticed Ijyb
  1686 | D:3      | Killed Ijyb
  1686 | D:3      | Reached skill level 4 in Axes
  1686 | D:3      | Reached XP level 6. HP: 46/48 MP: 6/6
  1687 | D:3      | Noticed Natasha
  1693 | D:3      | Killed Natasha
  1758 | D:3      | Noticed Robin
  1777 | D:3      | Killed Robin
  2023 | D:3      | Noticed Natasha
  2030 | D:3      | Killed Natasha
  2048 | D:3      | Reached skill level 5 in Shields
  2133 | D:3      | Noticed Natasha
  2147 | D:3      | Killed Natasha
  2289 | D:4      | Noticed an ogre
  2294 | D:4      | Killed an ogre
  2294 | D:4      | Reached XP level 7. HP: 26/55 MP: 7/7
  2305 | D:4      | Noticed shakethe's ghost (amateur FoFi)
  2692 | D:4      | Reached skill level 5 in Axes
  3550 | D:4      | HP: 2/55 [shakethe's ghost (13)]
  3555 | D:4      | Killed shakethe's ghost
  3555 | D:4      | Reached skill level 5 in Fighting
  3555 | D:4      | Reached skill level 5 in Armour
  3916 | D:5      | Entered Level 5 of the Dungeon
  3959 | D:5      | HP: 10/56 [ogre/giant club (17)]
  3962 | D:5      | Reached XP level 8. HP: 12/62 MP: 8/8
  4549 | D:5      | Reached skill level 6 in Axes
  4549 | D:5      | Reached skill level 6 in Shields
  4789 | D:5      | Found a staircase to the Ecumenical Temple.
  4800 | Temple   | Entered the Ecumenical Temple
  5056 | Temple   | Became a worshipper of Warmaster Okawaru
  5406 | D:6      | HP: 9/64 [killer bee (8)]
  5406 | D:6      | HP: 2/64 [killer bee (7)]
  5406 | D:6      | Slain by a killer bee

Skill      XL: |  1  2  3  4  5  6  7  8 |
---------------+-------------------------+-----
Shields        | 4 5 6 |  6.3
Axes           | 3 4 5 6 |  6.4
Fighting       | 4 5 |  5.7
Armour         | 4 5 |  5.6

Action                   |  1- 3 |  4- 6 |  7- 9 || total
-------------------------+-------+-------+-------++-------
Melee: War axe           |   109 |   149 |   164 ||   422
 Abil: Dig               |       |       |     1 ||     1
  Use: Potion            |       |     1 |     2 ||     3
       Scroll            |       |       |     5 ||     5
  Eat: Chunk             |       |     5 |       ||     5
       Ration            |       |       |     3 ||     3
Armor: Scale mail        |    65 |    53 |    41 ||   159
Dodge: Dodged            |    49 |    58 |    42 ||   149
Block: Shield            |    75 |    87 |    92 ||   254

Vault maps used:
D:1:      ldierk_water_garden, fountainhead
D:2:      minmay_hexomino_p4
D:3:      st_stairs_7, minmay_liquid_box, interstate_on_off, uniq_robin,
          uniq_ijyb, uniq_natasha
D:4:      wad_pebble_path, first_ration
D:5:      lemuel_temple_firewalk_b
D:6:      kiku_gazebo_pond_becter, uniq_duvessa, uniq_crazy_yiuf_cottage,
          uniq_pikel
Temple:   roderic_octagonal_lattice_temple

Table legend:
 A = Turns spent in this place as a percentage of turns spent in the entire game.
 B = Non-inter-level travel turns spent in this place as a percentage of non-inter-level travel turns spent in the entire game.
 C = Inter-level travel turns spent in this place as a percentage of turns spent in this place.
 D = Turns resting spent in this place as a percentage of non-inter-level travel turns spent in this place.
 E = Turns spent auto-exploring this place as a percentage of non-inter-level travel turns spent in this place.
 F = Non-inter-level travel turns spent in this place divided by the number of levels of this place that you've seen.
                   A       B       C       D       E      F
               +-------+-------+-------+-------+-------+----------------------
         Total | 100.0 | 100.0 |   3.6 |  26.4 |  54.4 | 744.7
       Dungeon |  94.8 |  95.3 |   3.0 |  27.7 |  52.4 | 827.8
        Temple |   5.2 |   4.7 |  13.1 |   0.0 |  95.9 | 246.0
               +-------+-------+-------+-------+-------+----------------------

Table legend:
 A = Kills in this place as a percentage of kills in entire the game.
 B = Kills by you in this place as a percentage of kills by you in the entire game.
 C = Kills by friends in this place as a percentage of kills by friends in the entire game.
 D = Other kills in this place as a percentage of other kills in the entire game.
 E = Experience gained in this place as a percentage of experience gained in the entire game.
 F = Experience gained in this place divided by the number of levels of this place that you have seen.
                   A       B       C       D       E      F
               +-------+-------+-------+-------+-------+----------------------
         Total | 100.0 | 100.0 |   N/A |   N/A | 100.0 | 230.6
       Dungeon | 100.0 | 100.0 |   N/A |   N/A | 100.0 | 269.0
               +-------+-------+-------+-------+-------+----------------------
